 Dungeon Crawl Stone Soup version 0.31-a0-40-g1d5085d191 (webtiles) character file.

Game seed: 10626873200570119773

463 pk666 the Magician (level 6, -3/32 HPs)
             Began as a Deep Elf Fire Elementalist on May 18, 2023.
             Was a Follower of Sif Muna.
             Slain by a wight
             ... wielding a +0 flail
              (7 damage)
             ... on level 5 of the Dungeon.
             The game lasted 00:04:13 (4987 turns).

pk666 the Magician (Deep Elf Fire Elementalist)     Turns: 4987, Time: 00:04:13

Health: -3/32      AC:  3    Str:  5    XL:     6   Next: 79%
Magic:  12/16      EV: 14    Int: 28    God:    Sif Muna [*.....]
Gold:   223        SH:  0    Dex: 15    Spells: 9/16 levels left

rFire   . . .        (no weapon)
rCold   . . .        (no shield)
rNeg    . . .        a - +0 robe
rPois   .            (no helmet)
rElec   .            (no cloak)
rCorr   .            (no gloves)
SInv    .            v - +0 pair of boots
Will    .....        (no amulet)
Stlth   ++           k - +6 ring of intelligence
HPRegen 0.25/turn    (no ring)
MPRegen 0.15/turn

%: no passive effects
@: no status effects
A: no striking features
a: Renounce Religion, Channel Magic


You were on level 5 of the Dungeon.
You worshipped Sif Muna.
Sif Muna was aware of your devotion.
You visited 1 branch of the dungeon, and saw 5 of its levels.

You collected 223 gold pieces.

Inventory:

Armour
 a - a +0 robe (worn)
 j - a +0 pair of gloves
 v - a +0 pair of boots (worn)
Jewellery
 k - a +6 ring of intelligence (left hand)
 q - a ring of flight
 t - an amulet of regeneration
 u - a ring of wizardry
Scrolls
 c - 2 scrolls of fog {unknown}
 f - a scroll of acquirement {unknown}
 g - a scroll of butterflies {unknown}
 i - 3 scrolls of teleportation {unknown}
 l - a scroll of poison {unknown}
 o - 2 scrolls of magic mapping {unknown}
 p - a scroll of fear {unknown}
 r - 4 scrolls of identify {unknown}
 s - a scroll of enchant weapon {unknown}
 w - a scroll of torment {unknown}
Potions
 b - 4 potions of magic
 d - 6 potions of brilliance {unknown}
 e - a potion of invisibility {unknown}
 h - 2 potions of heal wounds {unknown}
 m - 2 potions of curing {unknown}
 n - 2 potions of lignification {unknown}
 x - a potion of degeneration {unknown}
 z - a potion of flight {unknown}
 A - a potion of attraction {unknown}


   Skills:
 + Level 4.8 Dodging
 - Level 2.4 Stealth
 + Level 5.5 Spellcasting
 + Level 3.9 Conjurations
 + Level 5.1 Fire Magic


You had 9 spell levels left.
You knew the following spells:

 Your Spells              Type           Power      Damage    Failure   Level
a - Foxfire               Conj/Fire      100%       2x1d9     1%          1
b - Scorch                Fire           72%        2d8       1%          2
c - Flame Wave            Conj/Fire      33%        2d10      10%         4

Your spell library contained the following spells:

 Spells                   Type           Power      Damage    Failure   Level
 Freeze                   Ice            28%        1d5       6%          1
 Slow                     Hex            28%        N/A       6%          1
 Inner Flame              Hex/Fire       22%        N/A       7%          3
 Volatile Blastmotes      Fire/Tloc      44%        2d13      7%          3
 Hailstorm                Conj/Ice       18%        3d6       9%          3
 Lesser Beckoning         Tloc           14%        N/A       10%         2
 Confusing Touch          Hex            7%         N/A       19%         3
 Frozen Ramparts          Ice            14%        1d3       19%         3
 Gell's Gravitas          Tloc           7%         N/A       19%         3
 Teleport Other           Tloc           7%         N/A       19%         3
 Vampiric Draining        Necr           7%         2d6       19%         3


Dungeon Overview and Level Annotations

Branches:
Dungeon (5/15)
 Temple: D:4-7

Altars:
Qazlal
Sif Muna
Trog
Xom


Message History

You destroy the wight!
Sif Muna accepts your kill.
You can't see any susceptible monsters within range! (Use Z to cast anyway.)
Your foxfire dissipates!
Magic restored.
An orc priest comes into view. It is wielding a +0 mace.
Casting: Foxfire (safe; 1% risk of failure)
Confirm with . or Enter, or press ? or * to list all spells.
You conjure some foxfire!
The orc priest shouts!
You hear a shout!
A wight comes into view. It is wielding a +0 flail.
The foxfire hits the orc priest.
The orc priest is lightly wounded.
Casting: Foxfire (safe; 1% risk of failure)
Confirm with . or Enter, or press ? or * to list all spells.
You conjure some foxfire!
The foxfire hits the orc priest but does no damage.
The orc priest is lightly wounded.
An orc priest comes into view. It is wielding a +0 whip.
The orc priest looks satisfied for a moment.
The foxfire hits the wight.
The wight is moderately damaged.
The foxfire hits the wight.
The wight is moderately damaged.
The orc priest looks encouraged for a moment.
Flames lash the wight but do no damage.
An ufetubus comes into view.
The orc priest calls upon Beogh to heal the orc priest.
The orc priest's wounds heal themselves!
The wight misses you.
A wight comes into view.
It is wielding a +3 long sword of freezing.
The orc priest begins to cast a cantrip, but forgets the words!
The wight attacks as you move away! The wight closely misses you.
The orc priest mumbles some strange prayers to Beogh against you.
Beogh smites you!
The orc priest mumbles some strange prayers to Beogh against you.
Beogh smites you!
* * * LOW HITPOINT WARNING * * *
The wight attacks as you move away! The wight hits you with a +0 flail!
You die...

....>#.#
####.......#
.....#.#
#.#..##.#
.....#.#
#.#..# .#
.......#
#ยง#..# .#
......
#.#.## .#
......
#.#.###.#
..###.
#.......#
..#
###.#####
.<# #..@...#
..# #.z###.#
.# #).#
.z..#
......#
.......o.
#...###o#
#$.. #.. #..
###


You could see 2 wights and 2 orc priests.

Vanquished Creatures
  2 scorpions
  A wight (D:5)
  A jelly (D:4)
  An orc priest (D:4)
  A sleepcap (D:5)
  2 iguanas
  Robin (D:4)
  5 adders
  A worm (D:2)
  3 dart slugs
  5 orcs (D:4)
  5 bats
  9 endoplasms
  3 giant cockroaches
  17 goblins
  7 hobgoblins
  6 quokkas
  9 ball pythons
  2 frilled lizards (D:2)
  3 kobolds
  5 rats
89 creatures vanquished.

Vanquished Creatures (others)
  335 foxfires
335 creatures vanquished.

Grand Total: 424 creatures vanquished

Notes
Turn   | Place    | Note
-------+----------+-------------------------------------------
     0 | D:1      | pk666 the Deep Elf Fire Elementalist began the quest for
                  | the Orb.
     0 | D:1      | Reached XP level 1. HP: 10/10 MP: 6/6
   331 | D:1      | Reached XP level 2. HP: 15/15 MP: 6/8
   342 | D:1      | Learned a level 2 spell: Scorch
  1020 | D:1      | Found a faded altar of an unknown god.
  1035 | D:1      | Reached XP level 3. HP: 19/19 MP: 6/10
  2331 | D:2      | Reached XP level 4. HP: 24/24 MP: 6/12
  2746 | D:3      | Found a shimmering blue altar of Sif Muna.
  2896 | D:3      | Became a worshipper of Sif Muna the Loreminder
  3195 | D:3      | Noticed a scorpion
  3202 | D:3      | Killed a scorpion
  3203 | D:3      | Reached XP level 5. HP: 28/28 MP: 7/13
  3431 | D:3      | Found a bloodstained altar of Trog.
  3431 | D:3      | Found a shimmering altar of Xom.
  3667 | D:3      | Learned a level 4 spell: Flame Wave
  4160 | D:4      | Reached skill level 5 in Spellcasting
  4160 | D:4      | Reached XP level 6. HP: 32/32 MP: 10/15
  4248 | D:4      | Reached * piety under Sif Muna
  4376 | D:4      | Noticed Robin
  4380 | D:4      | Killed Robin
  4444 | D:4      | Noticed an air elemental
  4446 | D:4      | Found a stormy altar of Qazlal.
  4462 | D:4      | Noticed a water elemental
  4462 | D:4      | Noticed a fire elemental
  4621 | D:5      | Entered Level 5 of the Dungeon
  4762 | D:5      | Reached skill level 5 in Fire Magic
  4987 | D:5      | Slain by a wight

Illustrated notes

Levels and vault maps discovered:
D:1:      dpeg_arrival_subterranean_lakeside_camping, layout_loops_ring,
          nicolae_ecumenical_snake_handling, minmay_tall_x
D:2:      layout_basic
D:3:      layout_basic, gammafunk_temple_overflow_statue, lemuel_doored_altar,
          corner_web_ring
D:4:      layout_rooms, nicolae_qazlal_style_of_elements, uniq_robin
D:5:      layout_loops_ring

Skill      XL: |  1  2  3  4  5  6 |
---------------+-------------------+-----
Dodging        | 3 4 |  4.8
Conjurations   | 2 3 |  3.9
Spellcasting   | 4 5 |  5.5
Fire Magic     | 4 5 |  5.1
Stealth        | |  2.4

Action                     |  1- 3 |  4- 6 || total
---------------------------+-------+-------++-------
   Cast: Foxfire           |   103 |    98 ||   201
         Scorch            |     6 |    19 ||    25
 Armour: Robe              |     1 |     2 ||     3
  Dodge: Dodged            |    16 |    12 ||    28

Table legend: (Time is in decaauts)
 A = Elapsed time spent in this place.
 B = Non-inter-level travel time spent in this place.
 C = Inter-level travel time spent in this place.
 D = Time resting spent in this place.
 E = Time spent auto-exploring this place.
 F = Levels seen in this place.
 G = Mean time per level.
                   A        B        C        D        E       F      G
               +--------+--------+--------+--------+--------+-----+--------+
         Total |   4989 |   4824 |    165 |    557 |   3651 |   5 |  997.8 |
       Dungeon |   4989 |   4824 |    165 |    557 |   3651 |   5 |  997.8 |
               +--------+--------+--------+--------+--------+-----+--------+

Top non-repeatable levels by time:
     D:1: 1362 daAuts
     D:3: 1295 daAuts
     D:2: 1133 daAuts
     D:4: 832 daAuts
     D:5: 365 daAuts
